 Dungeon Crawl Stone Soup version 0.20-a0-1074-g6a0a8e1 (webtiles) character file.

46 Duffy the Chopper (level 3, 0/31 HPs)
             Began as a Gnoll Wanderer on Apr 29, 2017.
             Succumbed to a worker ant's poison
             ... on level 4 of the Dungeon.
             The game lasted 00:01:17 (1173 turns).

Duffy the Chopper (Gnoll Wanderer)                  Turns: 1173, Time: 00:01:17

Health: 0/31       AC:  5    Str: 11    XL:     3   Next: 66%
Magic:  3/3        EV:  9    Int: 13    God:
Gold:   62         SH:  0    Dex: 13    Spells: 2/2 levels left

rFire    . . .     SeeInvis .   b - 2 scrolls of identify {unknown}
rCold    . . .     Gourm    .   (no shield)
rNeg     . . .     Faith    .   d - +0 ring mail
rPois    .         Spirit   .   (no helmet)
rElec    .         Reflect  .   (no cloak)
rCorr    .         Harm     .   (no gloves)
MR       .....                  (no boots)
Stlth    +.........             (no amulet)
Regen    0.1/turn               (no ring)
MPRegen  0.1/turn               (no ring)

@: lethally poisoned (0 -> -7), flying, hasted, very quick
A: short attention span, fangs 1, strong nose
a: no special abilities


You were on level 4 of the Dungeon.
You were hungry.

You visited 1 branch of the dungeon, and saw 3 of its levels.

You collected 62 gold pieces.

Inventory:

Hand Weapons
 a - a +2 hand axe
 l - a +0 battleaxe
Armour
 d - a +0 ring mail (worn)
Scrolls
 b - 2 scrolls of identify (in hand) {unknown}
 c - a scroll of teleportation {unknown}
 j - a scroll of fog {unknown}
Comestibles
 f - 2 bread rations
 g - a royal jelly
 i - 3 fruits
 m - 3 meat rations


   Skills:
 - Level 4.4 Fighting
 + Level 5.0 Axes
 - Level 3.0 Throwing
 - Level 1.5 Armour
   Level 1.5 Ice Magic
   Level 3.0 Air Magic


You had 2 spell levels left.
You didn't know any spells.

Dungeon Overview and Level Annotations

Branches:
Dungeon (2/15)

Altars:


Innate Abilities, Weirdness & Mutations

You have a short attention span.
You have very sharp teeth.
Your uncanny sense of smell can sniff out nearby items.


Message History

You feel very buoyant.
You fly up into the air.
You feel sick.
It was a potion of haste.
You feel yourself speed up.
You feel sick.
There is a lethal amount of poison in your body!
Wield which item (- for none, * to show all)? (? for menu, Esc to quit)
b - 2 scrolls labeled ZAPTUR ZICS (in hand)
You swing at nothing.
You feel sick.
You swing at nothing.
You feel sick.
You swing at nothing.
You feel sick.
You swing at nothing.
You feel sick.
You swing at nothing.
You feel sick.
You swing at nothing.
You feel sick.
You swing at nothing.
You feel sick.
You swing at nothing.
You swing at nothing.
You feel sick.
You swing at nothing.
You feel sick.
You swing at nothing.
You feel sick.
You swing at nothing.
You swing at nothing.
You die...

#.# #.. { ..# #####.#
..# #.....# { ... #.#
#.## ... ##.###>.##
##.###
#........#######.....#
#..###.............#.#.
##..####........@......#
.....# #..#.##.#.......#
##...# #..#.##.#.......#
##...###..#......#.....#
#....(.........#........
#.#..###..######........
#)#..# #..# #........
#.#..# #..# ##.#####.
#<.# #..#


There were no monsters in sight!

Vanquished Creatures
  A worker ant (D:4)
  2 leopard geckos
  An orc (D:4)
  4 goblins (D:1)
  3 hobgoblins (D:1)
  2 jackals (D:1)
  2 bats (D:1)
  3 kobolds (D:1)
  A rat (D:1)
19 creatures vanquished.

Notes
Turn   | Place    | Note
-------+----------+-------------------------------------------
     0 | D:1      | Duffy the Gnoll Wanderer began the quest for the Orb.
     0 | D:1      | Duffy set off with: a +2 hand axe, a +0 shortbow, 24 arrows, a +0 ring mail, a bread ration
     0 | D:1      | Reached XP level 1. HP: 20/20 MP: 1/1
   144 | D:1      | Reached skill level 2 in Axes
   314 | D:1      | Reached skill level 3 in Axes
   314 | D:1      | Reached XP level 2. HP: 14/26 MP: 2/2
  1081 | D:2      | Reached skill level 4 in Axes
  1113 | D:2      | You fall through a shaft for 2 floors!
  1125 | D:4      | Reached XP level 3. HP: 30/31 MP: 3/3
  1155 | D:4      | Reached skill level 5 in Axes
  1171 | D:4      | HP: 1/31 [poisoned by a worker ant]
  1173 | D:4      | Succumbed to a worker ant's poison

Vault maps used:
D:1:      dpeg_arrival_arbitrary_a
D:4:      cheibrodos_old_hovel, first_bread, serial_park_tiny_1,
          minmay_goblin_kobold_house

Skill      XL: |  1  2  3 |
---------------+----------+-----
Axes           | 3 4 5 |  5.0
Fighting       | |  4.4
Throwing       | |  3.0
Armour         | |  1.5
Ice Magic      | |  1.5
Air Magic      | |  3.0

Action                   || total
-------------------------++-------
Melee: Hand axe          ||    66
       Bite              ||     6
  Use: Potion            ||     3
Armor: Ring mail         ||    28
Dodge: Dodged            ||    25
